 Dungeon Crawl Stone Soup version 0.25.1-2-g60ff931df9 (webtiles) character file.

Game seed: 8612222308731149554

142 Delamore the Cudgeler (level 5, -7/32 HPs)
             Began as a Gargoyle Fighter on July 29, 2020.
             Mangled by a small abomination (11 damage)
             ... on level 3 of the Dungeon.
             The game lasted 00:02:39 (1826 turns).

Delamore the Cudgeler (Gargoyle Fighter)            Turns: 1826, Time: 00:02:39

Health: -7/32      AC: 14    Str: 20    XL:     5   Next: 24%
Magic:  0/5        EV:  7    Int:  9    God:
Gold:   142        SH:  9    Dex:  9    Spells: 4/4 levels left

rFire    . . .     SeeInvis .   a - +0 flail
rCold    . . .     Gourm    .   c - +0 kite shield
rNeg     + . .     Faith    .   b - +0 scale mail
rPois    ∞         Spirit   +   (no helmet)
rElec    +         Reflect  .   m - +2 cloak
rCorr    .         Harm     .   (no gloves)
MR       +....                  (no boots)
Stlth    ..........             j - amulet of guardian spirit
HPRegen  0.10/turn              k - ring of protection from magic
MPRegen  0.09/turn              (no ring)

@: no status effects
A: negative energy resistance 1, electricity resistance, unbreathing,
petrification resistance, rot immunity, AC +4
a: no special abilities


You were on level 3 of the Dungeon.
You were not hungry.

You visited 1 branch of the dungeon, and saw 3 of its levels.
You visited the Abyss 1 time.

You collected 142 gold pieces.

Inventory:

Hand Weapons
 a - a +0 flail (weapon)
Armour
 b - a +0 scale mail (worn)
 c - a +0 kite shield (worn)
 m - a +2 cloak (worn)
Jewellery
 j - an amulet of guardian spirit (around neck)
 k - a ring of protection from magic (left hand)
Scrolls
 e - 2 scrolls of magic mapping {unknown}
 g - a scroll of blinking {unknown}
 h - 2 scrolls of remove curse {unknown}
 i - a scroll of enchant weapon {unknown}
 n - a scroll of random uselessness {unknown}
 o - 2 scrolls of identify {unknown}
 p - 2 scrolls of amnesia {unknown}
 t - a scroll of fog {unknown}
Potions
 d - a potion of might
 l - a potion of curing {unknown}
 q - a potion of invisibility {unknown}
 r - a potion of cancellation {unknown}
 u - a potion of degeneration {unknown}
Comestibles
 f - 3 rations


   Skills:
 - Level 3.2 Fighting
 + Level 5.3 Maces & Flails
 - Level 3.2 Armour
 - Level 3.2 Shields


You had 4 spell levels left.
You didn't know any spells.
Your spell library was empty.

Dungeon Overview and Level Annotations

Branches:
Dungeon (3/15)

Altars:


Innate Abilities, Weirdness & Mutations

You are resistant to torment.
Your stone body is resilient. (AC +4)
You are immune to poison.
You resist negative energy. (rN+)
You are resistant to electric shocks. (rElec)
You can survive without breathing.
You are immune to petrification.
You are immune to rotting.


Message History

The small abomination hits you but does no damage. x2
You pass through the gate.
Welcome back to the Dungeon!
You block the orc's attack. The orc hits you but does no damage.
Space bends around you.
* * * LOW HITPOINT WARNING * * *
You see here a scroll labeled IMNOLIX BEHER.
You hit the orc but do no damage. The orc barely misses you.
You block the small abomination's attack.
You hit the orc but do no damage. You block the orc's attack.
You block the small abomination's attack.
Your shield and scale mail prevent you from hitting the orc.
You block the orc's attack.
The small abomination barely misses you.
The small abomination hits you.
* * * LOW HITPOINT WARNING * * *
You block the orc's attack.
You hit the orc.
The orc is almost dead.
The small abomination hits you!
You die...

### ###########
#.. ...........
#.######.(...##
#>.....'......(
#.######.....##
#.# #.....# (
#)# #######
....######.#
(.[..)x@o.$#
...#########


You could see a small abomination and an orc.

Vanquished Creatures
  Jessica (D:2)
  Terence (D:3)
  3 adders
  An ufetubus (Abyss:1)
  An ooze (D:1)
  2 dart slugs
  4 orcs (D:3)
  7 bats
  3 giant cockroaches
  4 goblins
  6 hobgoblins
  2 jackals (D:2)
  5 kobolds
  2 frilled lizards
  5 rats
47 creatures vanquished.

Vanquished Creatures (others)
  8 toadstools (D:3)
8 creatures vanquished.

Grand Total: 55 creatures vanquished

Notes
Turn   | Place    | Note
-------+----------+-------------------------------------------
     0 | D:1      | Delamore the Gargoyle Fighter began the quest for the Orb.
     0 | D:1      | Reached XP level 1. HP: 14/14 MP: 1/1
    59 | D:1      | Reached XP level 2. HP: 19/19 MP: 2/2
   189 | D:1      | Reached skill level 3 in Maces & Flails
   714 | D:2      | Reached XP level 3. HP: 19/23 MP: 3/3
  1121 | D:2      | Noticed Jessica
  1136 | D:2      | Reached skill level 4 in Maces & Flails
  1150 | D:2      | Killed Jessica
  1150 | D:2      | Reached XP level 4. HP: 19/28 MP: 2/4
  1650 | D:3      | Noticed Terence
  1658 | D:3      | Killed Terence
  1658 | D:3      | Reached skill level 5 in Maces & Flails
  1658 | D:3      | Reached XP level 5. HP: 32/32 MP: 5/5
  1660 | D:3      | Cast into level 1 of the Abyss (orc)
  1812 | Abyss:1  | Noticed a spatial vortex
  1812 | Abyss:1  | Noticed a spatial vortex
  1813 | Abyss:1  | Noticed a spatial vortex
  1818 | Abyss:1  | Noticed a spatial vortex
  1822 | D:3      | Escaped the Abyss
  1826 | D:3      | Mangled by a small abomination

Illustrated notes

Levels and vault maps discovered:
D:1:      eino_arrival_water_star, layout_basic
D:2:      layout_loops_ring, first_ration, uniq_jessica
D:3:      cheibrodos_fertilizer, layout_basic, uniq_terence

Skill      XL: |  1  2  3  4 |
---------------+-------------+-----
Maces & Flails | 3 4 5 |  5.3
Fighting       | |  3.2
Armour         | |  3.2
Shields        | |  3.2

Action                   |  1- 3 |  4- 6 || total
-------------------------+-------+-------++-------
Melee: Flail             |   111 |    67 ||   178
Throw: Javelin           |       |     4 ||     4
  Eat: Chunk             |     1 |     2 ||     3
Armor: Scale mail        |    60 |    57 ||   117
Dodge: Dodged            |    37 |    43 ||    80
Block: Kite shield       |    69 |    62 ||   131
